 Dungeon Crawl Stone Soup version 0.20.1-1-g8b1a95d (webtiles) character file.

1590 Ymberti the Shield-Bearer (level 8, -1/70 HPs)
             Began as a Hill Orc Fighter on Oct 4, 2017.
             Was a Believer of Beogh.
             Killed from afar by an electric eel (11 damage)
             ... with a bolt of electricity
             ... on level 6 of the Dungeon.
             The game lasted 00:17:36 (6797 turns).

Ymberti the Shield-Bearer (Hill Orc Fighter)        Turns: 6797, Time: 00:17:37

Health: -1/70      AC: 13    Str: 19    XL:     8   Next: 92%
Magic:  8/8        EV:  7    Int:  8    God:    Beogh [**....]
Gold:   303        SH: 10    Dex: 12    Spells: 7/7 levels left

rFire    + . .     SeeInvis +   u - -2 spear (curse)
rCold    . . .     Gourm    .   c - +0 shield
rNeg     . . .     Faith    .   r - +0 chain mail
rPois    .         Spirit   .   f - +2 helmet {SInv}
rElec    .         Reflect  .   (no cloak)
rCorr    .         Harm     .   (no gloves)
MR       .....                  (no boots)
Stlth    ..........             (no amulet)
Regen    0.3/turn               i - ring of protection from fire
MPRegen  0.2/turn               (no ring)

@: drained, very slow
A: no striking features
a: Smiting, Renounce Religion


You were on level 6 of the Dungeon.
You worshipped Beogh.
Beogh was pleased with you.
You were not hungry.

You visited 1 branch of the dungeon, and saw 6 of its levels.

You collected 303 gold pieces.

Inventory:

Hand Weapons
 g - a +3 spear
 u - a cursed -2 spear (weapon)
Armour
 c - a +0 shield (worn)
 f - a +2 helmet of see invisible (worn)
 r - a +0 chain mail (worn)
Jewellery
 i - a ring of protection from fire (left hand)
Wands
 t - a wand of confusion (15/48)
Scrolls
 b - a scroll of fog
 o - 4 scrolls of blinking {unknown}
 q - 3 scrolls of teleportation {unknown}
 s - a scroll of noise {unknown}
Potions
 a - a potion of mutation {unknown}
 j - a potion of flight {unknown}
Books
 p - a book of Air

   Spells                             Type                      Level
   a - Shock                          Conjuration/Air              1
   b - Swiftness                      Charms/Air                   2
   c - Static Discharge               Conjuration/Air              3
   d - Airstrike                      Air                          4
   e - Lightning Bolt                 Conjuration/Air              5
Comestibles
 k - 2 bread rations
 m - a meat ration
 n - 2 royal jellies


   Skills:
 + Level 5.7(5.2) Fighting
   Level 2.9(2.4) Long Blades
 + Level 5.9(5.5) Polearms
 + Level 5.8(5.3) Armour
 * Level 3.8(3.4) Dodging
 + Level 0.1(0.0) Stealth
 + Level 6.4(5.9) Shields
 + Level 0.6(0.1) Evocations


You had 7 spell levels left.
You didn't know any spells.

Dungeon Overview and Level Annotations

Branches:
Dungeon (6/15)             Temple (0/1) D:5

Altars:
Ashenzari
Cheibriados
Dithmenos
Hepliaklqana
Nemelex Xobeh
Okawaru
Qazlal
Ru
Sif Muna
Trog
Xom


Message History

Evoke which item? (* to show all) (? for menu, Esc to quit)
Aiming: Confuse (will waste charges)
Press: ? - help, Shift-Dir - straight line, f/p - phantom
Aim: a phantom (chance to defeat MR: 28%)
The phantom easily resists.
Evoking this partially-identified wand wasted a few charges.
The phantom hits you but does no damage.
The phantom hits you.
* * * LOW HITPOINT WARNING * * *
The phantom blinks!
Your unstable footing causes you to fumble your attack.
Your unstable footing causes you to fumble your attack.
You catch the helpless electric eel completely off-guard!
You hit the electric eel.
The electric eel is heavily wounded.
The phantom blinks!
The electric eel seems less confused.
The electric eel shoots out a bolt of lightning at you!
The bolt of electricity hits you!
You die...

♣....#.#...%....######...##
..............#.# ##.###
#...............# #...#
...............## ###.#
#≈..P..PP≈≈≈### #.#
#≈≈≈≈.WP≈≈≈≈# #.#
##≈P≈P≈≈P≈≈≈≈# #.#
..P≈P≈≈≈§≈≈;≈# #.#
##P≈≈PP≈≈P@≈≈# #.#
#P≈≈≈≈≈≈≈P≈P# #.#
♣≈≈≈≈≈≈≈≈≈≈P♣ ♣≈≈≈≈≈≈≈≈≈P≈♣
♣♣≈≈≈≈≈≈≈≈P≈♣ ♣≈≈≈≈≈≈≈≈≈♣♣
♣♣≈≈≈≈≈P≈≈♣ ♣P≈≈≈≈≈♣♣♣


You could see a phantom and an electric eel.

Vanquished Creatures
  The ghost of Stelteck the Arsonist, a novice DrFE of Sif Muna (D:5)
  A phantom (D:6)
  An ice beast (D:5)
  An ogre (D:5)
  3 wights (D:6)
  A howler monkey (D:6)
  A crimson imp (D:6)
  A quasit (D:5)
  A jelly (D:5)
  A bullfrog skeleton (D:6)
  A gnoll shaman (D:5)
  2 orc priests
  A centaur skeleton (D:4)
  A hound (D:4)
  3 iguanas
  3 orc wizards
  A worker ant (D:6)
  A hound skeleton (D:4)
  Robin (D:2)
  5 gnolls (D:5)
  5 adders
  2 shadow imps
  An adder skeleton (D:5)
  2 worms (D:3)
  4 dart slugs
  4 leopard geckos
  19 orcs
  5 giant cockroaches
  13 goblins
  10 hobgoblins
  16 jackals
  5 quokkas
  2 ball pythons (D:3)
  13 bats
  6 frilled lizards
  10 kobolds
  8 rats
156 creatures vanquished.

Vanquished Creatures (others)
  An orc wizard (D:6)
  An orc (D:3)
  A quokka (D:3)
  A kobold (D:3)
  A plant (D:6)
5 creatures vanquished.

Grand Total: 161 creatures vanquished

Notes
Turn   | Place    | Note
-------+----------+-------------------------------------------
     0 | D:1      | Ymberti the Hill Orc Fighter began the quest for the Orb.
     0 | D:1      | Reached XP level 1. HP: 19/19 MP: 1/1
   261 | D:1      | Reached XP level 2. HP: 17/27 MP: 2/2
   680 | D:2      | Reached XP level 3. HP: 33/33 MP: 3/3
  1084 | D:2      | Noticed Robin
  1096 | D:2      | Reached XP level 4. HP: 38/40 MP: 4/4
  1100 | D:2      | Killed Robin
  1100 | D:2      | Reached skill level 4 in Shields
  1159 | D:2      | Found a deep blue altar of Sif Muna.
  1252 | D:2      | Found a shadowy altar of Dithmenos.
  1285 | D:2      | Found a shattered altar of Ashenzari.
  1286 | D:2      | Found a snail-covered altar of Cheibriados.
  1349 | D:2      | Found a hazy altar of Hepliaklqana.
  1680 | D:3      | Became a worshipper of Beogh the Brigand
  1754 | D:3      | Found a sacrificial altar of Ru.
  1833 | D:3      | Reached XP level 5. HP: 42/46 MP: 5/5
  1843 | D:3      | Found an iron altar of Okawaru.
  1872 | D:3      | Reached skill level 1 in Dodging
  2095 | D:3      | Found a sparkling altar of Nemelex Xobeh.
  2277 | D:3      | Reached * piety under Beogh
  2390 | D:3      | Found a shimmering altar of Xom.
  2630 | D:4      | Reached skill level 1 in Polearms
  2795 | D:4      | Found a shattered altar of Ashenzari.
  2813 | D:4      | Reached XP level 6. HP: 41/53 MP: 6/6
  2922 | D:4      | Found a bloodstained altar of Trog.
  3484 | D:5      | Entered Level 5 of the Dungeon
  3573 | D:5      | Noticed an ice beast
  3586 | D:5      | Killed an ice beast
  3689 | D:5      | Reached XP level 7. HP: 52/60 MP: 7/7
  3878 | D:5      | Found a stormy altar of Qazlal.
  3945 | D:5      | Reached ** piety under Beogh
  4216 | D:5      | Noticed Stelteck's ghost (novice DrFE)
  4246 | D:5      | Killed Stelteck's ghost
  4246 | D:5      | Reached skill level 5 in Fighting
  4246 | D:5      | Reached skill level 5 in Polearms
  4246 | D:5      | Reached skill level 5 in Armour
  4246 | D:5      | Reached skill level 5 in Shields
  4246 | D:5      | Reached XP level 8. HP: 24/68 MP: 8/8
  4625 | D:5      | Found a staircase to the Ecumenical Temple.
  6421 | D:6      | Reached skill level 6 in Shields
  6797 | D:6      | Killed from afar by an electric eel

Skill      XL: |  1  2  3  4  5  6  7  8 |
---------------+-------------------------+-----
Fighting       | 4 5 |  5.7
Armour         | 4 5 |  5.8
Shields        | 4 5 6 |  6.4
Dodging        | 1 2 3 |  3.8
Polearms       | 1 3 5 |  5.9
Long Blades    | |  2.9
Stealth        | |  0.1
Evocations     | |  0.6

Action                   |  1- 3 |  4- 6 |  7- 9 || total
-------------------------+-------+-------+-------++-------
Melee: Long sword        |   110 |    14 |       ||   124
       Spear             |       |   280 |   858 ||  1138
Invok: Convert to Beogh  |       |     1 |       ||     1
Evoke: Wand              |       |       |    12 ||    12
  Use: Scroll            |     4 |     3 |       ||     7
       Potion            |     1 |       |     6 ||     7
 Stab: Confused          |       |       |     2 ||     2
  Eat: Bread ration      |     1 |     1 |     2 ||     4
       Fruit             |       |     2 |       ||     2
       Royal jelly       |       |       |     2 ||     2
Armor: Scale mail        |    84 |    99 |       ||   183
       Chain mail        |       |    54 |   322 ||   376
Dodge: Dodged            |    49 |   114 |   155 ||   318
Block: Shield            |    78 |   184 |   332 ||   594
       Rpst.: Long sword |    15 |     1 |       ||    16
